 Dungeon Sprint DCSS version 0.20.1-1-g8b1a95d (webtiles) character file.

1911 Fang the Cleaver (level 9, -3/65 HPs)
             Began as a Gargoyle Berserker on Dec 6, 2018.
             Was a High Priest of Trog.
             Slain by a gargoyle
             ... wielding a +0 morningstar
              (13 damage)
             ... in the Dungeon (Sprint IX: "|||||||||||||||||||||||||||||").
             The game lasted 00:01:16 (554 turns).

Fang the Cleaver (Gargoyle Berserker)                Turns: 554, Time: 00:01:17

Health: -3/65      AC: 17    Str: 28    XL:     9   Next: 16%
Magic:  9/9        EV: 11    Int: 10    God:    Trog [*****.]
Gold:   0          SH:  0    Dex:  9    Spells: 8/8 levels left

rFire    . . .     SeeInvis .   m - +1 broad axe (freeze)
rCold    . . .     Gourm    .   (no shield)
rNeg     + . .     Faith    .   o - +1 chain mail
rPois    ∞         Spirit   .   (no helmet)
rElec    +         Reflect  .   (no cloak)
rCorr    .         Harm     .   (no gloves)
MR       .....     NoTele   +   (no boots)
Stlth    ..........             (no amulet)
Regen    0.2/turn               a - +3 ring of strength
MPRegen  0.2/turn               n - +3 ring of intelligence

@: berserk cooldown, slowed, very slow
A: negative energy resistance 1, electricity resistance, unbreathing,
petrification resistance, rot immunity, AC +5
a: Berserk, Trog's Hand, Brothers in Arms, Burn Spellbooks, Renounce Religion


You were in the Dungeon.
You worshipped Trog.
Trog was extremely pleased with you.
You were near starving.

You visited 1 branch

Inventory:

Hand Weapons
 m - a +1 broad axe of freezing (weapon)
Armour
 o - a +1 chain mail (worn)
Jewellery
 a - a +3 ring of strength (left hand)
 n - a +3 ring of intelligence (right hand)
Wands
 l - a wand of acid (7/15)
Scrolls
 i - 2 scrolls of blinking
 k - 3 scrolls of remove curse
Potions
 d - 3 potions of curing
 e - 2 potions of heal wounds
 f - a potion of haste
 g - 4 potions of magic
 h - a potion of berserk rage
 j - a potion of invisibility
Comestibles
 b - 2 chunks of flesh
 c - a bread ration


   Skills:
 + Level 12.1 Fighting
 + Level 12.7 Axes
 + Level 7.8 Armour
 + Level 6.2 Dodging


You had 8 spell levels left.
You didn't know any spells.

Dungeon Overview and Level Annotations

Branches:
Dungeon (1/1)

Altars:
Cheibriados
Dithmenos
Elyvilon
Fedhas
Gozag
Hepliaklqana
Kikubaaqudgha
Makhleb
Nemelex Xobeh
Okawaru
Qazlal
Ru
Sif Muna
Trog
Uskayaw
Vehumet
Xom
Yredelemnul
Zin
The Shining One
Beogh
Jiyva
Lugonu


Innate Abilities, Weirdness & Mutations

You are resistant to torment.
Your stone body is resilient. (AC +5)
You are immune to poison.
You resist negative energy. (rN+)
You are resistant to electric shocks. (rElec)
You can survive without breathing.
You are immune to petrification.
You are immune to rotting.


Message History

You hit the ice beast.
The ice beast is moderately wounded.
You are near starving!
The ice beast hits you but does no damage. x2
You slice the ice beast!!
You kill the ice beast!
Trog accepts your kill. The gargoyle closely misses you.
You slash the gargoyle! You freeze the gargoyle.
The gargoyle is severely damaged.
The gargoyle hits you with a morningstar!
* * * LOW HITPOINT WARNING * * *
You hit the gargoyle but do no damage.
The gargoyle is heavily damaged.
The gargoyle hurls a stone arrow at you.
The stone arrow misses you.
You hit the gargoyle. You freeze the gargoyle.
The gargoyle is severely damaged.
The gargoyle hits you with a morningstar!
You die...

▓+▓
▓.▓
▓.▓
▓.▓
▓.▓
▓.▓
▓9▓
▓@▓
▓(▓
▓.▓
▓.▓
▓.▓
▓†▓
▓)▓
▓)▓
▓(▓


You could see a gargoyle.

Vanquished Creatures
  A centaur warrior (D)
  An ugly thing (D)
  A hornet (D)
  A yak (D)
  A water moccasin (D)
  An ice beast (D)
  An ogre (D)
  A centaur (D)
  A scorpion (D)
  A howler monkey (D)
  A worker ant (D)
  2 adders (D)
  A leopard gecko (D)
  An orc (D)
  A bat skeleton (D)
  2 giant cockroaches (D)
  A hobgoblin (D)
  A jackal (D)
  A goblin (D)
21 creatures vanquished.

Notes
Turn   | Place    | Note
-------+----------+-------------------------------------------
     0 | D        | Fang the Gargoyle Berserker began the quest for the Orb.
     0 | D        | Reached XP level 1. HP: 14/14 MP: 1/1
    17 | D        | Reached ** piety under Trog
    91 | D        | Noticed a centaur
    91 | D        | Noticed a scorpion
    93 | D        | Reached XP level 2. HP: 20/20 MP: 2/2
    99 | D        | Killed a scorpion
    99 | D        | Reached *** piety under Trog
    99 | D        | Reached skill level 5 in Fighting
    99 | D        | Reached skill level 5 in Axes
    99 | D        | Reached XP level 3. HP: 27/27 MP: 3/3
    99 | D        | Reached XP level 4. HP: 32/32 MP: 4/4
   116 | D        | Killed a centaur
   116 | D        | Reached XP level 5. HP: 9/38 MP: 5/5
   370 | D        | Found a roughly hewn altar of Beogh.
   370 | D        | Found a snail-covered altar of Cheibriados.
   370 | D        | Found a shadowy altar of Dithmenos.
   370 | D        | Found a white marble altar of Elyvilon.
   370 | D        | Found a blossoming altar of Fedhas.
   370 | D        | Found an opulent altar of Gozag.
   371 | D        | Found a hazy altar of Hepliaklqana.
   372 | D        | Found a viscous altar of Jiyva.
   373 | D        | Found an ancient bone altar of Kikubaaqudgha.
   374 | D        | Found a corrupted altar of Lugonu.
   375 | D        | Found a burning altar of Makhleb.
   376 | D        | Found a sparkling altar of Nemelex Xobeh.
   377 | D        | Found an iron altar of Okawaru.
   378 | D        | Found a stormy altar of Qazlal.
   379 | D        | Found a sacrificial altar of Ru.
   380 | D        | Found a deep blue altar of Sif Muna.
   381 | D        | Found a bloodstained altar of Trog.
   382 | D        | Found a hide-covered altar of Uskayaw.
   383 | D        | Found a radiant altar of Vehumet.
   385 | D        | Found a shimmering altar of Xom.
   386 | D        | Found a basalt altar of Yredelemnul.
   387 | D        | Found a glowing silver altar of Zin.
   388 | D        | Found a glowing golden altar of the Shining One.
   435 | D        | Noticed a water moccasin
   435 | D        | Noticed an ogre
   439 | D        | Killed an ogre
   439 | D        | Reached **** piety under Trog
   439 | D        | Reached XP level 6. HP: 44/44 MP: 6/6
   456 | D        | Killed a water moccasin
   456 | D        | Reached ***** piety under Trog
   456 | D        | Reached skill level 5 in Armour
   510 | D        | Noticed a gargoyle
   510 | D        | Noticed an ice beast
   510 | D        | Noticed a yak
   510 | D        | Noticed a centaur warrior
   510 | D        | Noticed a hornet
   510 | D        | Noticed a green ugly thing
   519 | D        | Killed a green ugly thing
   519 | D        | Reached skill level 10 in Fighting
   519 | D        | Reached skill level 10 in Axes
   519 | D        | Reached skill level 5 in Dodging
   519 | D        | Reached XP level 7. HP: 53/53 MP: 7/7
   527 | D        | Killed a hornet
   527 | D        | Reached XP level 8. HP: 51/60 MP: 8/8
   538 | D        | Killed a centaur warrior
   538 | D        | Reached XP level 9. HP: 13/65 MP: 9/9
   554 | D        | Slain by a gargoyle

Skill      XL: |  1  2  3  4  5  6  7  8  9 |
---------------+----------------------------+-----
Axes           | 4 5 6 7 10 11 12 | 12.7
Fighting       | 4 5 7 8 10 11 12 | 12.1
Dodging        | 2 3 4 5 6 |  6.2
Armour         | 3 4 5 6 7 |  7.8

Action                   |  1- 3 |  4- 6 |  7- 9 || total
-------------------------+-------+-------+-------++-------
Melee: Hand axe          |    22 |    21 |       ||    43
       Broad axe         |       |    26 |    31 ||    57
Invok: Berserk           |     1 |     2 |       ||     3
  Use: Potion            |       |       |     3 ||     3
Armor: Animal skin       |     4 |    14 |       ||    18
       Chain mail        |       |    16 |    19 ||    35
Dodge: Dodged            |    12 |    31 |    19 ||    62
